Map: Central Protocol

Players

NaiveZerg

  • Race: Zerg Zerg
  • League: Master

Miszu - Winner!

  • Race: Terran Terran
  • League: Master

VOD

Have the link to the VOD?

Description

Time

  • Played on: March 11, 2016, 12:40 p.m.
  • Length: 9:41
Show
View Real Time Build Order
Export as new Build Order

NaiveZerg Zerg 

Build Orders: Hatch First 

Get SALT Encoding   

  12  0:01  Drone  
  13  0:13  Overlord  
  13  0:18  Drone  
  14  0:31  Drone  
  14  0:32  Drone  
  16  0:35  Drone  
  17  0:55  Drone, Hatchery  
  17  0:59  Drone  
  17  1:02  Extractor  
  17  1:15  Spawning Pool  
  16  1:18  Drone  
  16  1:21  Drone  
  18  1:29  Drone  
  19  1:43  Overlord  
  19  2:04  Zergling x4  
  19  2:05  Metabolic Boost, Queen  
  23  2:09  Queen  
  23  2:11  Zergling x2  
  23  2:15  Drone  
  27  2:26  Drone x2  
  29  2:47  Queen  
  29  2:51  Zergling x8  
  32  2:52  Overlord  
  35  2:59  Roach Warren  
  34  3:13  Zergling x2  
  34  3:14  Zergling x6  
  37  3:30  Drone x4  
  41  3:41  Overlord  
  41  3:45  Extractor  
  35  3:57  Roach  
  35  3:58  Roach x3  
  35  4:01  Drone x3  
  46  4:14  Overlord, Roach  
  46  4:15  Roach  
  48  4:30  Overlord x2  
  47  4:31  Zergling x6  
  50  4:40  Ravager  
  50  4:45  Ravager  
  48  4:57  Roach x2  
  48  4:58  Zergling x6, Roach  
  52  5:05  Zergling x12  
  58  5:08  Ravager  
  59  5:16  Zergling x4  
  61  5:24  Drone  
  61  5:27  Drone  
  63  5:32  Ravager x2  
  63  5:33  Ravager  
  66  5:37  Hatchery  
  63  5:48  Roach x3  
  68  5:50  Drone x2  
  68  5:52  Drone  
  57  6:09  Zergling x12  
  60  6:14  Zergling x6  
  60  6:17  Ravager  
  60  6:18  Ravager  
  65  6:38  Zergling x6, Roach x3  
  65  6:39  Zergling x4  
  58  7:02  Zergling x16  
  58  7:03  Zergling x4  
  58  7:08  Drone x3  
  69  7:19  Ravager x3  
  69  7:20  Drone x3  
  75  7:23  Drone x2  
  77  7:30  Drone x3  
  77  7:32  Drone  
  77  7:33  Drone  
  64  7:54  Roach x7  
  64  7:55  Roach  
  71  8:03  Extractor  
  71  8:05  Lair  
  70  8:16  Extractor, Drone  
  70  8:17  Drone x7  
  70  8:18  Drone  
  70  8:19  Baneling Nest  
  77  8:20  Zergling x2  
  77  8:22  Overlord  
  78  8:33  Overlord  
  79  8:34  Zergling x6  
  82  8:47  Zergling x14  
  89  8:54  Drone x4  
  89  8:55  Extractor  
  92  9:09  Roach x3  
  97  9:20  Baneling  
  97  9:21  Baneling x5  
Show
View Real Time Build Order
Export as new Build Order

Miszu Terran - Winner!

Build Orders: MMM Bio 

Get SALT Encoding   

  12  0:01  SCV  
  13  0:13  SCV  
  14  0:19  Supply Depot  
  14  0:25  SCV  
  15  0:40  SCV  
  15  0:42  Barracks  
  16  0:45  Refinery  
  16  0:57  SCV  
  16  1:01  Barracks  
  17  1:09  SCV  
  18  1:21  SCV  
  18  1:25  Barracks  
  19  1:28  Refinery  
  19  1:32  Reaper  
  20  1:37  SCV  
  21  1:49  Reaper  
  21  1:52  Supply Depot  
  22  2:03  Orbital Command  
  23  2:08  Reaper  
  23  2:14  Reaper  
  24  2:21  Reaper  
  25  2:29  SCV  
  26  2:34  Supply Depot  
  26  2:40  Reaper  
  27  2:46  Reaper, SCV  
  29  2:53  Reaper  
  29  2:58  SCV  
  31  3:10  SCV  
  31  3:12  Reaper  
  33  3:18  Reaper  
  34  3:22  SCV  
  34  3:25  Reaper  
  35  3:34  SCV  
  35  3:40  Command Center  
  36  3:44  Reaper  
  36  3:46  SCV  
  38  3:50  Reaper  
  37  3:58  Reaper  
  37  3:59  SCV  
  39  4:06  Command Center  
  39  4:18  Supply Depot  
  39  4:20  Supply Depot  
  39  4:21  Supply Depot  
  39  4:26  Barracks Reactor  
  39  4:34  Barracks Tech Lab  
  39  4:37  Barracks Reactor  
  39  4:42  SCV  
  39  4:54  SCV  
  39  4:59  Orbital Command  
  39  5:04  Marine x3  
  39  5:06  SCV  
  43  5:08  Stimpack  
  43  5:17  Marine  
  43  5:18  SCV  
  46  5:22  Marine  
  46  5:28  Orbital Command  
  46  5:30  SCV  
  46  5:33  Marine  
  46  5:34  Factory  
  48  5:37  Orbital Command  
  48  5:39  Marine  
  48  5:40  Marine x3  
  52  5:43  SCV  
  52  5:51  Marine  
  52  5:55  SCV  
  52  5:57  Marine  
  52  5:58  Marine x2  
  49  6:08  Marine  
  49  6:09  Marine  
  49  6:12  SCV x3  
  49  6:15  Marine x3  
  55  6:23  Starport  
  55  6:24  SCV  
  56  6:26  Marine  
  56  6:27  Marine  
  56  6:28  SCV  
  56  6:29  SCV  
  60  6:33  Marine x2  
  60  6:34  Marine  
  63  6:42  SCV x2  
  63  6:43  Marine, SCV, Factory Reactor  
  63  6:44  Marine  
  68  6:47  Refinery  
  68  6:48  Refinery  
  68  6:51  Marine  
  57  7:03  Marine x4  
  57  7:05  SCV x2  
  57  7:06  SCV  
  64  7:08  Marine  
  65  7:17  SCV  
  65  7:18  SCV, Combat Shields  
  65  7:20  Marine  
  65  7:21  Marine x3  
  71  7:26  Supply Depot, Marine  
  73  7:30  SCV x2  
  73  7:32  Supply Depot  
  73  7:34  Factory Tech Lab  
  73  7:35  Medivac x2  
  78  7:38  Marine  
  78  7:39  Marine x2  
  78  7:42  SCV x2  
  76  7:46  Orbital Command  
  73  7:57  Marine  
  73  7:58  Marine x4  
  78  8:00  SCV  
  79  8:08  Medivac x2  
  79  8:11  Siege Tank  
  86  8:15  Marine  
  86  8:16  Marine x4  
  91  8:21  Supply Depot, SCV  
  91  8:22  Supply Depot  
  91  8:25  SCV x2  
  94  8:33  Marine, SCV  
  96  8:36  Engineering Bay  
  96  8:37  SCV  
  96  8:38  SCV  
  96  8:40  Engineering Bay  
  98  8:42  Marine x2  
  98  8:45  SCV  
  101  8:48  Refinery  
  101  8:49  SCV  
  101  8:50  SCV  
  101  8:51  Supply Depot  
  101  8:52  Supply Depot  
  101  8:54  Marine x2  
  106  8:59  Siege Tank  
  110  9:03  Marine  
  110  9:04  Medivac x2  
  113  9:21  Marine x5  
Tags
 
Add a new tag
Caveats
  • Supply blocks, unpowered buildings, or Contaminate may cause inaccurate times.
  • Supply counts are checked every 10 seconds.